 Dungeon Crawl Stone Soup version 0.28.0-1-gb440e238dd (webtiles) character file.

Game seed: 10674491526431743507

1103 graymark the Sneak (level 8, -9/46 HPs)
             Began as an Octopode Conjurer on Feb 22, 2022.
             Was an Initiate of Vehumet.
             Mangled by a hornet zombie (13 damage)
             ... on level 7 of the Dungeon.
             The game lasted 00:31:02 (7190 turns).

graymark the Sneak (Octopode Conjurer)              Turns: 7190, Time: 00:31:03

Health: -9/46      AC:  1    Str:  6    XL:     8   Next: 32%
Magic:  5/24       EV: 13    Int: 23    God:    Vehumet [......]
Gold:   305        SH:  0    Dex: 10    Spells: 2/16 levels left

rFire   . . .      SeeInvis .   f - +0 dagger
rCold   . . .      Faith    .   (no shield)
rNeg    . . .      Spirit   .   (helmet restricted)
rPois   .          Reflect  .   (no amulet)
rElec   .          Harm     .   i - ring of magical power
rCorr   .          Rampage  .   (no ring)
Will    .....                   (no ring)
Stlth   ++++......              (no ring)
HPRegen 0.15/turn               (no ring)
MPRegen 0.19/turn               (no ring)
                                (no ring)
                                (no ring)

@: no status effects
A: almost no armour, amphibious, 8 rings, camouflage 1, gelatinous body 1,
(nimble swimmer 1), tentacles
a: Renounce Religion


You were on level 7 of the Dungeon.
You worshipped Vehumet.
Vehumet was noncommittal.
You visited 2 branches of the dungeon, and saw 8 of its levels.

You collected 305 gold pieces.

Inventory:

Hand Weapons
 c - a +0 hunting sling
 f - a +0 dagger (weapon)
 h - a +2 flail of protection
Missiles
 b - 124 stones
 g - 5 curare-tipped darts
 m - 10 boomerangs
 o - 6 poisoned darts
 u - 11 javelins
Magical Staves
 r - a staff of death
Jewellery
 d - a ring of ice
 i - a ring of magical power (left tentacle)
Wands
 w - a wand of paralysis (11)
 x - a wand of flame (1)
Scrolls
 j - a scroll of fear
 n - 6 scrolls of teleportation
 p - a scroll of silence {unknown}
 q - a scroll of amnesia {unknown}
 t - a scroll of enchant weapon {unknown}
 v - a scroll of noise {unknown}
 y - a scroll of vulnerability {unknown}
Potions
 a - 2 potions of haste
 e - a potion of curing
 k - a potion of berserk rage
 l - a potion of brilliance {unknown}
 s - a potion of might
 z - a potion of resistance {unknown}


   Skills:
 - Level 2.4 Dodging
 - Level 7.0 Stealth
 + Level 4.8 Spellcasting
 + Level 6.3 Conjurations
 + Level 4.2 Hexes


You had 2 spell levels left.
You knew the following spells:

 Your Spells              Type           Power      Damage    Failure   Level
a - Magic Dart            Conj           100%       1d8       1%          1
b - Searing Ray           Conj           68%        2d6       1%          2
c - Fulminant Prism       Conj/Hex       14%        3d9       11%         4
d - Mephitic Cloud        Conj/Pois/Air  15%        N/A       12%         3
e - Iskenderun's Mystic   Conj/Tloc      20%        2d6       26%         4

Your spell library contained the following spells:

 Spells                   Type           Power      Damage    Failure   Level
 Ensorcelled Hibernation  Hex/Ice        30%        N/A       6%          2
 Sandblast                Erth           10%        2d5       10%         1
 Call Imp                 Summ           5%         N/A       14%         2
 Passwall                 Tmut/Erth      4%         N/A       14%         2
 Dazzling Flash           Conj/Hex       58%        N/A       3%          3
 Stone Arrow              Conj/Erth      40%        3d9       8%          3
 Swiftness                Air            5%         N/A       28%         3


Dungeon Overview and Level Annotations

Branches:
Dungeon (7/15)             Temple (1/1) D:5

Altars:
Cheibriados
Elyvilon
Gozag
Kikubaaqudgha
Nemelex Xobeh
Qazlal
Sif Muna
Uskayaw
Vehumet
Wu Jian
The Shining One

Shops:
D:1 :

Annotations:
D:4 exclusion: ogre
D:6 exclusions: hornet, steam dragon and 1 more exclusion, Sigmund


Innate Abilities, Weirdness & Mutations

You cannot wear most types of armour.
You are amphibious.
You can wear up to eight rings at the same time.
Your skin changes colour to match your surroundings (Stealth+).
Your rubbery body absorbs attacks. (AC +1, EV +1)
((You are camouflaged when in or above water. (Stealth+)))
You have tentacles for arms and can constrict up to eight enemies at once.


Message History

Confirm with . or Enter, or press ? or * to list all spells.
Okay, then.
Unknown command.
Casting: Searing Ray (safe; 1% risk of failure)
Confirm with . or Enter, or press ? or * to list all spells.
Okay, then.
Unknown command.
Casting: Searing Ray (safe; 1% risk of failure)
Confirm with . or Enter, or press ? or * to list all spells.
Aiming: Searing Ray (safe; 1% risk of failure)
Press: ? - help, Shift-Dir - straight line, f/p - hornet zombie
Aim: a hornet zombie (severely damaged, 83% to hit)
The searing ray hits the hornet zombie!
The hornet zombie is almost destroyed. (Press . to maintain the ray.)
The hornet zombie closely misses you. The hornet zombie hits you!
* * * LOW HITPOINT WARNING * * *
You feel better. The hornet zombie hits you.
* * * LOW HITPOINT WARNING * * *
You feel better. The hornet zombie closely misses you.
You feel better. The hornet zombie hits you. x2
Casting: Searing Ray (safe; 1% risk of failure)
Confirm with . or Enter, or press ? or * to list all spells.
Aiming: Searing Ray (safe; 1% risk of failure)
Press: ? - help, Shift-Dir - straight line, f/p - hornet zombie
Aim: a hornet zombie (almost destroyed, 83% to hit)
The searing ray misses the hornet zombie. (Press . to maintain the ray.)
The hornet zombie hits you!
* * * LOW HITPOINT WARNING * * *
Casting: Searing Ray (safe; 1% risk of failure)
Confirm with . or Enter, or press ? or * to list all spells.
Restarting spell: Searing Ray (safe; 1% risk of failure)
Press: ? - help, Shift-Dir - straight line, f/p - hornet zombie
Aim: a hornet zombie (almost destroyed, 83% to hit)
The searing ray hits the hornet zombie.
The hornet zombie is almost destroyed. (Press . to maintain the ray.)
The hornet zombie hits you!
You die...

#.###.### #.#<#.#
## #.#.#.# #.
#.#.#.# #.
#.#.#.# #.
#.#.#.# #.
#...#.#
#.#############.#
#....Z@.........#
#################


You could see a hornet zombie.

Vanquished Creatures
  Pikel (D:5)
  An ice beast (D:6)
  An ogre (D:5)
  2 lemures (D:5)
  A jelly (D:6)
  3 bullfrog skeletons
  2 orc priests
  A hound (D:5)
  Jessica (D:3)
  An iguana (D:6)
  2 orc wizards
  Ijyb (D:5)
  6 adders
  A shadow imp (D:6)
  An adder skeleton (D:4)
  2 dart slugs
  11 orcs
  6 bats
  4 endoplasms
  A giant cockroach (D:1)
  4 goblins
  7 hobgoblins
  2 jackals (D:3)
  3 quokkas
  8 ball pythons
  4 frilled lizards
  7 kobolds
  2 rats
86 creatures vanquished.

Vanquished Creatures (others)
  A fulminant prism (D:6)
  7 plants (D:3)
  9 toadstools (D:2)
17 creatures vanquished.

Grand Total: 103 creatures vanquished

Notes
Turn   | Place    | Note
-------+----------+-------------------------------------------
     0 | D:1      | graymark the Octopode Conjurer began the quest for the Orb.
     0 | D:1      | Reached XP level 1. HP: 11/11 MP: 3/3
   372 | D:1      | Reached skill level 3 in Stealth
   372 | D:1      | Reached XP level 2. HP: 17/17 MP: 1/5
   668 | D:1      | Found Xiasm's Book Emporium.
  1144 | D:2      | Reached XP level 3. HP: 21/21 MP: 1/6
  1195 | D:1      | Learned a level 2 spell: Searing Ray
  1926 | D:3      | Noticed Jessica
  1928 | D:3      | Reached XP level 4. HP: 27/27 MP: 7/7
  1935 | D:3      | Learned a level 4 spell: Fulminant Prism
  2023 | D:3      | Killed Jessica
  2024 | D:3      | Reached skill level 4 in Stealth
  2430 | D:3      | Reached skill level 1 in Hexes
  2430 | D:3      | Reached XP level 5. HP: 31/31 MP: 9/9
  3029 | D:4      | Found a hide-covered altar of Uskayaw.
  3177 | D:4      | Learned a level 3 spell: Mephitic Cloud
  3661 | D:4      | Noticed an ogre
  3815 | D:5      | Entered Level 5 of the Dungeon
  3825 | D:5      | Found a staircase to the Ecumenical Temple.
  3832 | Temple   | Entered the Ecumenical Temple
  3840 | Temple   | Became a worshipper of Vehumet
  3934 | D:5      | Noticed Ijyb
  3938 | D:5      | Killed Ijyb
  3939 | D:5      | Reached XP level 6. HP: 36/36 MP: 10/10
  3995 | D:5      | Reached skill level 5 in Stealth
  3995 | D:5      | Reached skill level 5 in Conjurations
  5023 | D:5      | Noticed Pikel
  5374 | D:5      | Killed Pikel
  5375 | D:5      | Reached skill level 6 in Stealth
  5375 | D:5      | Reached XP level 7. HP: 37/41 MP: 4/13
  5375 | D:5      | Reached XP level 8. HP: 42/46 MP: 4/14
  5483 | D:5      | Learned a level 4 spell: Iskenderun's Mystic Blast
  5778 | D:6      | Reached skill level 7 in Stealth
  6103 | D:6      | Noticed a hornet
  6318 | D:6      | Noticed Sigmund
  7185 | D:7      | HP: 2/46 [hornet zombie (13)]
  7190 | D:7      | Mangled by a hornet zombie

Illustrated notes

Levels and vault maps discovered:
D:1:      psy_arrival_radial02, layout_basic, serial_shops,
          nicolae_shop_advertising_works [nicolae_subvault_shop_adworks],
          serial_bayou_lagoon_b
D:2:      cheibrodos_fertilizer, layout_rooms
D:3:      layout_basic, serial_bayou, serial_bayou_pond_d, serial_bayou_shore_b,
          serial_bayou_pond_b, serial_bayou_lagoon_a, serial_bayou_shore_b,
          serial_bayou_crossing, minmay_misc_feat_five, uniq_jessica
D:4:      layout_basic, lemuel_doored_altar
D:5:      layout_basic, minmay_temple_entry_junction, skrybe_limestone_x,
          uniq_ijyb, uniq_pikel
D:6:      layout_gridville, dk_vineyard_2, uniq_sigmund
D:7:      layout_basic, kennysheep_little_box, chequers_decorated_corner
Temple:   eino_narrow_crystal_temple

Skill      XL: |  1  2  3  4  5  6  7  8 |
---------------+-------------------------+-----
Stealth        | 3 4 6 7 |  7.0
Hexes          | 1 3 4 |  4.2
Spellcasting   | 3 4 |  4.8
Conjurations   | 6 |  6.3
Dodging        | |  2.4

Action                   |  1- 3 |  4- 6 |  7- 9 || total
-------------------------+-------+-------+-------++-------
Melee: Unarmed           |     3 |       |       ||     3
       Constrict         |     3 |     2 |       ||     5
       Tentacles         |     2 |       |       ||     2
       Dagger            |     5 |    14 |       ||    19
 Fire: Hunting sling     |    34 |       |       ||    34
 Cast: Magic Dart        |    48 |    69 |    31 ||   148
       Searing Ray       |       |    53 |    29 ||    82
       Mephitic Cloud    |       |     2 |       ||     2
       Fulminant Prism   |       |       |     1 ||     1
  Use: Scroll            |     5 |     2 |     1 ||     8
       Potion            |       |     1 |     5 ||     6
 Stab: Sleeping          |     2 |     1 |       ||     3
Armor: Skin              |     1 |     2 |       ||     3
Dodge: Dodged            |    11 |    15 |     9 ||    35
